 Dungeon Crawl Stone Soup version 0.25.1-2-g60ff931df9 (webtiles) character file.

Game seed: 8349474051537451661

140 gruber the Insei (level 5, 0/37 HPs)
             Began as a Merfolk Transmuter on Aug 23, 2020.
             Was a Follower of Cheibriados.
             Slain by a hound (2 damage)
             ... on level 3 of the Dungeon.
             The game lasted 00:02:28 (3266 turns).

gruber the Insei (Merfolk Transmuter)               Turns: 3266, Time: 00:02:29

Health: 0/37       AC:  3    Str: 12    XL:     5   Next: 23%
Magic:  2/8        EV: 13    Int: 15    God:    Cheibriados [*.....]
Gold:   59         SH:  0    Dex: 17    Spells: 2/8 levels left

rFire    . . .     SeeInvis .     - Unarmed
rCold    . . .     Gourm    .   (no shield)
rNeg     . . .     Faith    .   b - +0 robe
rPois    .         Spirit   .   i - +0 helmet
rElec    .         Reflect  .   (no cloak)
rCorr    .         Harm     .   (no gloves)
MR       .....                  (no boots)
Stlth    ++........             (no amulet)
HPRegen  0.12/turn              (no ring)
MPRegen  0.11/turn              (no ring)

@: very slightly contaminated, very slow
A: change form in water, swift swim, stealthy swim
a: Bend Time, Renounce Religion


You were on level 3 of the Dungeon.
You worshipped Cheibriados.
Cheibriados was aware of your devotion.
You were not hungry.

You visited 1 branch of the dungeon, and saw 3 of its levels.

You collected 59 gold pieces.

Inventory:

Missiles
 a - 26 arrows
Armour
 b - a +0 robe (worn)
 i - a +0 helmet (worn)
Jewellery
 n - a +4 ring of slaying
 q - an uncursed amulet of regeneration {unknown}
Scrolls
 g - 2 scrolls of identify {unknown}
 h - 3 scrolls of remove curse {unknown}
 l - a scroll of random uselessness {unknown}
 m - a scroll of amnesia {unknown}
 o - 2 scrolls of enchant armour {unknown}
Potions
 c - 2 potions of flight {unknown}
 e - a potion of resistance {unknown}
 f - 4 potions of curing {unknown}
 j - a potion of heal wounds {unknown}
 k - a potion of magic {unknown}
Comestibles
 d - 6 rations


   Skills:
 - Level 1.1 Fighting
 - Level 2.6 Dodging
 * Level 6.3 Unarmed Combat
 - Level 2.0 Spellcasting
 - Level 2.6 Transmutations


You had 2 spell levels left.
You knew the following spells:

 Your Spells              Type           Power        Failure   Level  Hunger
a - Beastly Appendage     Tmut           #.....       8%          1    #......
b - Sticks to Snakes      Tmut           #.......     11%         2    ###....
c - Spider Form           Tmut/Pois      #.........   36%         3    ###....

Your spell library contained the following spells:

 Spells                   Type           Power        Failure   Level  Hunger
 Ice Form                 Ice/Tmut       #.......     77%         4    #####..
 Blade Hands              Tmut           #.........   90%         5    ######.


Dungeon Overview and Level Annotations

Branches:
Dungeon (3/15)

Altars:
Cheibriados
Gozag
Ru
Sif Muna
Xom


Message History

* * * LOW HITPOINT WARNING * * *
Your ball python bites the hound but does no damage.
Your ball python grabs the hound.
Your ball python constricts the hound.
Unknown command.
You hit the hound but do no damage.
The hound is almost dead.
The hound bites you.
* * * LOW HITPOINT WARNING * * *
The hound bites you.
* * * LOW HITPOINT WARNING * * *
The gnoll closely misses you.
Your ball python bites the hound.
Your ball python constricts the hound.
Unknown command.
You hit the hound.
You kill the hound!
Cheibriados thoroughly appreciates the change of pace.
You have reached level 5!
You feel agile. The hound bites you.
You die...

#.......#...#....
##.......#...#....
#........#...# ...
#........#...# ..
#............#
#.........####
#........##
####+#...#
#S@P#+#+#
#.†hg...#
##.P#...# #..# ..#
#..# ## ####


You could see a hound, a gnoll and a friendly ball python.

Vanquished Creatures
  A hound (D:3)
  An iguana (D:2)
  3 adders (D:2)
  A worm (D:2)
  3 dart slugs
  A leopard gecko (D:1)
  An orc (D:3)
  3 giant cockroaches
  6 goblins
  6 hobgoblins
  2 jackals (D:2)
  6 bats
  4 frilled lizards
  2 kobolds
  14 rats
54 creatures vanquished.

Vanquished Creatures (collateral kills)
  A worm (D:2)
1 creature vanquished.

Grand Total: 55 creatures vanquished

Notes
Turn   | Place    | Note
-------+----------+-------------------------------------------
     0 | D:1      | gruber the Merfolk Transmuter began the quest for the Orb.
     0 | D:1      | Reached XP level 1. HP: 15/15 MP: 3/3
   210 | D:1      | Reached XP level 2. HP: 4/21 MP: 3/5
   465 | D:1      | Reached skill level 4 in Unarmed Combat
   754 | D:1      | Learned a level 2 spell: Sticks to Snakes
  1071 | D:1      | Reached XP level 3. HP: 26/26 MP: 6/6
  1224 | D:2      | Reached skill level 5 in Unarmed Combat
  1311 | D:2      | Found a snail-covered altar of Cheibriados.
  1323 | D:2      | Reached XP level 4. HP: 18/32 MP: 5/7
  1328 | D:2      | Became a worshipper of Cheibriados the Contemplative
  1578 | D:2      | Found a sacrificial altar of Ru.
  1878 | D:2      | Found a shimmering altar of Xom.
  1878 | D:2      | Found a shimmering blue altar of Sif Muna.
  2424 | D:2      | Found an opulent altar of Gozag.
  2468 | D:2      | Reached * piety under Cheibriados
  2677 | D:2      | Reached skill level 6 in Unarmed Combat
  2718 | D:2      | Learned a level 3 spell: Spider Form
  3266 | D:3      | Reached XP level 5. HP: 2/37 MP: 1/8
  3266 | D:3      | Slain by a hound

Illustrated notes

Levels and vault maps discovered:
D:1:      dpeg_arrival_water_temple_mockup, layout_basic,
          minmay_rat_gold_closets
D:2:      layout_basic, nicolae_overflow_hidden_temple,
          nicolae_gozag_cash_rules_everything_around_me,
          chequers_temple_overflow_statue_of_worship, marbit_many_paths,
          nicolae_overflow_crystal_walls, kennysheep_nondescript
D:3:      layout_basic, nicolae_tso_swordbearing_angel, cheibrodos_gnoll_hut,
          uniq_terence

Skill      XL: |  1  2  3  4 |
---------------+-------------+-----
Unarmed Combat | 4 5 6 |  6.3
Fighting       | |  1.1
Dodging        | |  2.6
Spellcasting   | |  2.0
Transmutations | |  2.6

Action                   |  1- 3 |  4- 6 || total
-------------------------+-------+-------++-------
Melee: Unarmed           |    83 |    65 ||   148
       Headbutt          |     6 |     4 ||    10
       Punch             |     2 |     1 ||     3
 Cast: Beastly Appendage |    10 |     5 ||    15
       Sticks to Snakes  |     1 |     7 ||     8
 Stab: Sleeping          |     5 |       ||     5
  Eat: Chunk             |     2 |     5 ||     7
Armor: Robe              |     6 |    11 ||    17
Dodge: Dodged            |    53 |    47 ||   100
